 Dungeon Crawl Stone Soup version 0.23-a0-673-g3803c42f16 (webtiles) character file.

177261 Notair the Bludgeoner (level 17, -6/163 HPs)
             Began as a Minotaur Gladiator on Jan 9, 2019.
             Was the Champion of Okawaru.
             Killed from afar by a shock serpent (16 damage)
             ... with a bolt of electricity
             ... on level 3 of the Snake Pit on Jan 10, 2019.
             The game lasted 02:21:11 (28060 turns).

Notair the Bludgeoner (Minotaur Gladiator)         Turns: 28060, Time: 02:21:13

Health: -6/163     AC: 23    Str: 25    XL:     17   Next: 53%
Magic:  19/19      EV: 18    Int: 10    God:    Okawaru [******]
Gold:   1125       SH:  0    Dex: 12    Spells: 16/16 levels left

rFire    + + +     SeeInvis .   h - +9 great mace (flame)
rCold    . . .     Gourm    .   (shield currently unavailable)
rNeg     + . .     Faith    .   J - +6 scale mail of Day {-Cast rF+++ MR+ Str+4}
rPois    +         Spirit   .   c - +0 hat
rElec    .         Reflect  .   D - scarf {cloud immunity}
rCorr    .         Harm     .   p - +0 pair of gloves
MR       ++...     NoCast   +   O - +2 pair of boots {Fly}
Stlth    ..........             l - amulet of regeneration
HPRegen  0.77/turn              S - ring of poison resistance
MPRegen  0.16/turn              U - ring of positive energy

@: flying, studying Armour
A: retaliatory headbutt, horns 2, rugged brown scales 1, low mp 1, MP-powered
wands
a: Heroism, Finesse, Renounce Religion, Stop Flying


You were on level 3 of the Snake Pit.
You worshipped Okawaru.
Okawaru was exalted by your worship.
You were not hungry.

You visited 5 branches of the dungeon, and saw 27 of its levels.
You also visited: Sewer, Ossuary, Bailey, Ice Cave and Volcano.

You collected 2999 gold pieces.
You spent 1874 gold pieces at shops.

Inventory:

Hand Weapons
 h - a +9 great mace of flaming (weapon)
 m - a +1 longbow of flaming
 x - a +0 great mace
Missiles
 s - 921 arrows
 P - 33 tomahawks of returning (quivered)
 V - a throwing net
Armour
 c - a +0 hat (worn)
 p - a +0 pair of gloves (worn)
 B - +1 fire dragon scales
 D - a scarf of cloud immunity (worn)
 J - the +6 scale mail of Day (worn) {-Cast rF+++ MR+ Str+4}
   (You took it off an orc on level 5 of the Dungeon)

   It affects your strength (+4).
   It renders you almost immune to fire.
   It affects your resistance to hostile enchantments.
   It prevents spellcasting.
 O - a +2 pair of boots of flying (worn)
Jewellery
 l - an amulet of regeneration (around neck)
 r - an uncursed ring of see invisible
 M - an uncursed ring of ice
 S - a ring of poison resistance (left hand)
 U - a ring of positive energy (right hand)
Wands
 d - a wand of polymorph (17)
 u - a wand of random effects (31)
 w - a wand of scattershot (4)
 C - a wand of clouds (5)
 G - a wand of acid (18)
 H - a wand of flame (49)
 W - a wand of iceblast (14)
Scrolls
 a - 4 scrolls of identify
 e - 5 scrolls of fear
 i - 2 scrolls of blinking
 j - 3 scrolls of magic mapping
 k - 7 scrolls of remove curse
 n - 4 scrolls of amnesia
 v - 8 scrolls of teleportation
 I - 3 scrolls of enchant armour
 Z - 2 scrolls of torment
Potions
 b - 7 potions of agility
 g - 10 potions of curing
 o - 8 potions of mutation
 q - 5 potions of brilliance
 t - a potion of lignification {unknown}
 A - 7 potions of heal wounds
 E - 5 potions of haste
 F - 2 potions of magic
 K - a potion of invisibility
 Q - 5 potions of might
 R - 2 potions of berserk rage
 T - 2 potions of ambrosia
 Y - a potion of resistance
Books
 z - a manual of Armour
Miscellaneous
 y - a lamp of fire
 L - a box of beasts
 N - a fan of gales
Comestibles
 f - 62 rations


   Skills:
 + Level 16.3 Fighting
   Level 6.9(14.6) Axes
 - Level 19.6(20.0) Maces & Flails
 - Level 2.0 Throwing
 + Level 17.5 Armour
 + Level 15.3 Dodging
 - Level 7.0 Invocations
 - Level 4.0 Evocations


You had 16 spell levels left.
You didn't know any spells.
Your spell library contained the following spells:

 Spells                   Type           Power        Failure   Level  Hunger
 Confusing Touch          Hex            #.....       54%         1    ##.....
 Corona                   Hex            #......      54%         1    ##.....
 Magic Dart               Conj           #...         54%         1    ##.....
 Sandblast                Erth           #.....       54%         1    ##.....
 Shock                    Conj/Air       #...         54%         1    ##.....
 Summon Small Mammal      Summ           #...         54%         1    ##.....
 Blink                    Tloc           N/A          69%         2    ###....
 Call Imp                 Summ           #.......     69%         2    ###....
 Ensorcelled Hibernation  Hex/Ice        #.....       69%         2    ###....
 Passwall                 Tmut/Erth      #.......     69%         2    ###....
 Slow                     Hex            #.......     69%         2    ###....
 Swiftness                Chrm/Air       #.......     69%         2    ###....
 Call Canine Familiar     Summ           #.......     89%         3    ####...
 Confuse                  Hex            #.......     89%         3    ####...
 Conjure Flame            Conj/Fire      #.......     89%         3    ####...
 Dazzling Spray           Conj/Hex       #.....       89%         3    ####...
 Gell's Gravitas          Tloc           #.........   89%         3    ####...
 Inner Flame              Hex/Fire       #.......     89%         3    ####...
 Mephitic Cloud           Conj/Pois/Air  #.......     89%         3    ####...
 Portal Projectile        Hex/Tloc       #.....       89%         3    ####...
 Recall                   Summ/Tloc      N/A          89%         3    ####...
 Static Discharge         Conj/Air       #.......     89%         3    ####...
 Stone Arrow              Conj/Erth      #.....       89%         3    ####...
 Summon Guardian Golem    Hex/Summ       #.......     89%         3    ####...
 Tukima's Dance           Hex            #.......     89%         3    ####...
 Airstrike                Air            #.........   100%        4    #####..
 Animate Dead             Necr           N/A          100%        4    #####..
 Cause Fear               Hex            #.........   100%        4    #####..
 Leda's Liquefaction      Hex/Erth       #.........   100%        4    #####..
 Petrify                  Tmut/Erth      #.......     100%        4    #####..
 Summon Ice Beast         Ice/Summ       #.......     100%        4    #####..
 Summon Lightning Spire   Summ/Air       #.......     100%        4    #####..
 Borgnjor's Vile Clutch   Necr/Erth      #.........   100%        5    ######.
 Lee's Rapid Deconstruct  Erth           #.........   100%        5    ######.
 Lightning Bolt           Conj/Air       #.........   100%        5    ######.
 Metabolic Englaciation   Hex/Ice        #.........   100%        5    ######.
 Silence                  Hex/Air        #.........   100%        5    ######.
 Yara's Violent Unravell  Hex/Tmut       #.........   100%        5    ######.
 Death Channel            Necr           #.........   100%        6    #######
 Deflect Missiles         Chrm/Air       #.........   100%        6    #######
 Simulacrum               Ice/Necr       #.........   100%        6    #######
 Discord                  Hex            #.........   100%        8    #######


Dungeon Overview and Level Annotations

Branches:
Dungeon (15/15)            Temple (1/1) D:6            Lair (6/6) D:8
 Shoals (0/4) Lair:4        Snake (3/4) Lair:4        Slime (0/5) Lair:6
    Orc (2/2) D:9             Elf (0/3) Orc:2        Vaults (0/5) D:13
 Depths (0/5) D:15

Altars:
Ashenzari
Cheibriados
Dithmenos
Elyvilon
Fedhas
Gozag
Hepliaklqana
Kikubaaqudgha
Makhleb
Nemelex Xobeh
Okawaru
Qazlal
Ru
Sif Muna
Trog
Uskayaw
Vehumet
Wu Jian
Xom
Yredelemnul
Zin
The Shining One
Beogh
Jiyva

Shops:
D:5 %?%:}   D:10 !   Orc:1 *(:   Orc:2 :([**

Portals:
Trove: D:10 (give +3 ice dragon scales)


Innate Abilities, Weirdness & Mutations

You reflexively headbutt those who attack you in melee.
You have a pair of horns on your head.
You are partially covered in rugged brown scales. (AC +1, +3% HP)
Your magical capacity is low. (-10% MP)
You expend magic power (3 MP) to strengthen your wands.


Message History

The shock serpent is almost dead.
The shock serpent's electric aura discharges, shocking you!
The shock serpent bites you but does no damage.
You completely miss the shock serpent.
The shock serpent is almost dead.
The shock serpent shoots out a bolt of lightning at you!
The bolt of electricity hits you! x2
The bolt of electricity hits the shock serpent.
The shock serpent completely resists.
You miss the shock serpent. Your headbutt misses the shock serpent.
The shock serpent is almost dead.
The shock serpent bites you. The shock serpent shocks you!
* * * LOW HITPOINT WARNING * * *
You hit the shock serpent. You burn the shock serpent.
The shock serpent is almost dead.
The shock serpent shoots out a bolt of lightning at you!
The bolt of electricity hits you!
* * * LOW HITPOINT WARNING * * *
The bolt of electricity hits you!
You die...

##...(... ....
#....... ...
#....#...
#..####
#...##...
#.....### .....
###. #.......#
....# ..
#.......# .. .
..
#.......##.#S..
#.#@S.......[..
#.#............
#...##.##......
#......# ..#..
#.>.#### ...
#.#.# ..# #.#.#
.# ##...# .
#....#


You could see a shock serpent.

Vanquished Creatures
  Kirke (Snake:2)
  2 nagarajas (Snake:3)
  2 orc warlords
  A frost giant (IceCv)
  The ghost of CheiIsBae the Brawler, a journeyman DrTm of Uskayaw (Snake:1)
  Louise (D:14)
  The ghost of Knicklaso the Basher, a journeyman DrCj of the Shining One (Orc:2)
  The ghost of lis82 the Severer, a journeyman DgFi (D:14)
  Nessos (D:14)
  Azrael (D:13)
  A fire dragon (D:15)
  A yaktaur captain (D:15)
  Erolcha (D:10)
  4 vault guards (D:13)
  Harold (D:10)
  5 naga warriors
  An ogre mage (D:15)
  8 hydras
  4 anacondas
  5 centaur warriors
  A dancing weapon (Snake:1)
  3 tengu warriors
  11 two-headed ogres
  2 death yaks (IceCv)
  2 orc high priests (Orc:2)
  8 naga sharpshooters
  5 shock serpents
  Sonja (D:13)
  A death drake (shapeshifter) (D:14)
  4 unseen horrors
  A wizard (D:11)
  3 naga ritualists
  An obsidian statue (Orc:2)
  5 orc knights
  2 lindwurms (Volcano)
  3 oklob plants
  3 mana vipers
  A necromancer (D:15)
  2 ugly things
  6 orc sorcerers (Orc:2)
  10 salamanders
  A cyclops (D:13)
  A manticore (D:15)
  A toenail golem (Volcano)
  31 black mambas
  A guardian serpent (Snake:2)
  An ice statue (IceCv)
  A torpor snail (Lair:5)
  5 naga magi
  A spiny frog (shapeshifter) (D:13)
  3 gargoyles
  3 molten gargoyles (Volcano)
  24 spiny frogs
  3 centaur skeletons (D:14)
  9 komodo dragons
  A yaktaur (D:15)
  4 efreet
  A kobold demonologist (D:13)
  3 rime drakes
  4 tyrant leeches (Lair:6)
  16 polar bears
  3 meliai (D:13)
  A queen bee (D:13)
  7 trolls
  A polar bear (shapeshifter) (D:13)
  9 dream sheep
  9 hippogriffs
  4 slime creatures (D:12)
  30 blink frogs
  4 wraiths
  2 shadows
  A centaur simulacrum (D:15)
  5 wyverns
  The ghost of Adamkad1 the Sneak, an amateur SpEn (D:5)
  35 yaks
  Grum (D:8)
  2 vampires
  2 hogs (Snake:2)
  10 vampire mosquitoes
  3 hungry ghosts
  6 fire elementals
  4 basilisks
  23 nagas
  3 wargs (Orc:1)
  A soldier ant (D:13)
  2 acid dragons (D:12)
  4 hell hounds (D:13)
  14 water moccasins
  6 porcupines
  Duvessa (D:7)
  A black bear (D:13)
  4 sky beasts
  42 orc warriors
  9 ice beasts
  A phantom (D:6)
  24 wolves
  A necrophage (D:5)
  15 ogres
  19 centaurs
  12 crocodiles
  6 big kobolds
  30 bullfrogs
  A gnoll sergeant (D:8)
  A wyvern zombie (D:14)
  2 earth elementals (Volcano)
  Dowan (D:7)
  2 water moccasin skeletons
  3 scorpions
  18 killer bees
  22 wights
  16 electric eels
  A vampire bat (Lair:2)
  3 howler monkeys
  4 centaur zombies
  9 crimson imps
  3 bullfrog zombies (D:12)
  32 orc priests
  5 jellies
  A gnoll shaman (D:4)
  8 hounds
  Terence (D:3)
  4 bullfrog skeletons
  4 iguanas
  26 orc wizards
  7 hell rats (Lair:6)
  7 worker ants
  2 polar bear simulacra (D:15)
  A yak simulacrum (D:15)
  A killer bee zombie (D:9)
  5 wolf simulacra (D:15)
  A hound zombie (D:8)
  A worker ant zombie (D:4)
  7 gnolls
  14 adders
  2 shadow imps
  An ooze (D:2)
  4 worms
  5 dart slugs
  3 leopard geckos
  77 orcs
  5 ball pythons
  13 bats
  8 giant cockroaches
  13 goblins
  15 hobgoblins
  13 jackals
  6 quokkas
  2 ball python skeletons (Ossuary)
  6 frilled lizards
  A hobgoblin skeleton (Ossuary)
  A hobgoblin zombie (Ossuary)
  35 kobolds
  A kobold zombie (Ossuary)
  An orc skeleton (Ossuary)
  An orc zombie (D:5)
  10 rats
  3 river rat simulacra (D:15)
  A fire vortex (Volcano)
  3 plants
1033 creatures vanquished.

Vanquished Creatures (others)
  A yak (IceCv)
  4 wolves (IceCv)
  2 orc wizards (D:9)
  2 orcs
  A fire vortex (Volcano)
  14 fungi
  42 plants (Lair:6)
66 creatures vanquished.

Grand Total: 1099 creatures vanquished

Notes
Turn   | Place    | Note
-------+----------+-------------------------------------------
     0 | D:1      | Notair the Minotaur Gladiator began the quest for the Orb.
     0 | D:1      | Reached XP level 1. HP: 18/18 MP: 0/0
    73 | D:1      | Reached XP level 2. HP: 25/25 MP: 1/1
   161 | D:1      | Reached skill level 1 in Armour
   352 | D:1      | Reached XP level 3. HP: 28/30 MP: 2/2
   955 | D:2      | Reached XP level 4. HP: 36/38 MP: 3/3
  1663 | D:3      | Noticed Terence
  1669 | D:3      | Killed Terence
  1669 | D:3      | Reached skill level 5 in Axes
  1784 | D:3      | Reached XP level 5. HP: 39/45 MP: 4/4
  2219 | D:4      | Found a glowing drain.
  2229 | Sewer    | Entered a sewer
  2274 | Sewer    | Reached XP level 6. HP: 35/52 MP: 5/5
  2489 | Sewer    | HP: 2/52 [kobold/cursed -1 whip (1)]
  2783 | Sewer    | Reached XP level 7. HP: 47/60 MP: 6/6
  2787 | Sewer    | Reached skill level 5 in Dodging
  2986 | D:4      | Reached skill level 1 in Maces & Flails
  3169 | D:4      | HP: 2/60 [orc priest/divine providence (14)]
  3172 | D:4      | Reached skill level 5 in Fighting
  3172 | D:4      | Reached skill level 2 in Maces & Flails
  3187 | D:4      | Gained mutation: Your magical capacity is low. (-10% MP)
                  | [potion of mutation]
  3187 | D:4      | Gained mutation: You expend magic power (3 MP) to
                  | strengthen your wands. [potion of mutation]
  3187 | D:4      | Gained mutation: You are partially covered in rugged brown
                  | scales. (AC +1, +3% HP) [potion of mutation]
  3667 | D:5      | Entered Level 5 of the Dungeon
  3678 | D:5      | Found a sand-covered staircase.
  3689 | Ossuary  | Entered an ossuary
  3734 | Ossuary  | Reached skill level 3 in Maces & Flails
  3898 | Ossuary  | Noticed a flying skull
  3898 | Ossuary  | Noticed a wraith
  3917 | Ossuary  | Noticed a flying skull
  3927 | Ossuary  | Reached XP level 8. HP: 71/71 MP: 6/6
  3949 | Ossuary  | Reached skill level 4 in Maces & Flails
  4047 | Ossuary  | Noticed a flying skull
  4086 | Ossuary  | Reached skill level 5 in Armour
  4263 | D:5      | Reached skill level 5 in Maces & Flails
  4482 | D:5      | Found Qooph's Book Boutique.
  4485 | D:5      | Found Cahotzut's Food Shop.
  4583 | D:5      | Found a runed gate.
  4586 | D:5      | Found a runed gate.
  4587 | D:5      | Found a runed gate.
  4643 | D:5      | Noticed Adamkad1's ghost (amateur SpEn)
  4644 | D:5      | Identified the cursed +2 short sword of Neususisk {drain,
                  | rPois}
  4644 | D:5      | Identified the +6 scale mail of Day {-Cast rF+++ MR+ Str+4}
  4661 | D:5      | Found Boezoum's Food Boutique.
  4662 | D:5      | Found Lotreime's Magic Scroll Shoppe.
  4670 | D:5      | Bought a scroll of identify for 28 gold pieces
  4670 | D:5      | Bought a scroll of identify for 28 gold pieces
  4711 | D:5      | Found Tuefay's Gadget Shop.
  5116 | D:5      | Found a roughly hewn altar of Beogh.
  5172 | D:5      | Killed Adamkad1's ghost
  5172 | D:5      | Reached skill level 6 in Maces & Flails
  5334 | D:6      | Reached XP level 9. HP: 33/80 MP: 7/7
  5512 | D:6      | Reached skill level 7 in Maces & Flails
  5885 | D:6      | Found a staircase to the Ecumenical Temple.
  5891 | Temple   | Entered the Ecumenical Temple
  5930 | Temple   | Became a worshipper of Warmaster Okawaru
  6506 | D:6      | Reached skill level 8 in Maces & Flails
  6597 | D:7      | Reached * piety under Okawaru
  6634 | D:7      | Found a flagged portal.
  6651 | Bailey   | Entered a bailey
  6657 | Bailey   | Noticed an orc warlord
  6771 | Bailey   | Noticed an orc knight
  6818 | Bailey   | Killed an orc knight
  6823 | Bailey   | Reached skill level 9 in Maces & Flails
  7026 | Bailey   | Found a runed gate.
  7026 | Bailey   | Found a runed gate.
  7034 | Bailey   | Found a runed gate.
  7042 | Bailey   | Noticed an orc knight
  7051 | Bailey   | Killed an orc knight
  7051 | Bailey   | Reached ** piety under Okawaru
  7051 | Bailey   | Reached XP level 10. HP: 90/90 MP: 5/8
  7098 | Bailey   | Killed an orc warlord
  7098 | Bailey   | Reached skill level 10 in Maces & Flails
  7222 | D:7      | Noticed Duvessa
  7223 | D:7      | Noticed Dowan
  7237 | D:7      | Killed Duvessa
  7240 | D:7      | Killed Dowan
  7334 | D:7      | Reached *** piety under Okawaru
  7390 | D:7      | Found a stormy altar of Qazlal.
  7854 | D:8      | Found a staircase to the Lair.
  7951 | D:8      | Found a bloodstained altar of Trog.
  7951 | D:8      | Found an opulent altar of Gozag.
  7952 | D:8      | Found a blossoming altar of Fedhas.
  8127 | D:8      | Noticed Grum
  8137 | D:8      | Killed Grum
  8137 | D:8      | Reached skill level 11 in Maces & Flails
  8165 | D:8      | Noticed a two-headed ogre
  8173 | D:8      | Killed a two-headed ogre
  8173 | D:8      | Reached **** piety under Okawaru
  8173 | D:8      | Reached XP level 11. HP: 73/99 MP: 6/8
  8324 | D:8      | Noticed a white ugly thing
  8337 | D:8      | Killed a white ugly thing
  8782 | D:9      | Reached skill level 1 in Evocations
  9096 | D:9      | Found a staircase to the Orcish Mines.
  9310 | D:10     | Entered Level 10 of the Dungeon
  9310 | D:10     | Noticed Harold
  9327 | D:10     | Killed Harold
  9327 | D:10     | Reached skill level 12 in Maces & Flails
  9385 | D:10     | Found a portal to a secret trove of treasure.
  9400 | D:10     | Noticed Erolcha
  9413 | D:10     | Killed Erolcha
  9413 | D:10     | Reached ***** piety under Okawaru
  9413 | D:10     | Received a gift from Okawaru
  9413 | D:10     | Reached skill level 10 in Fighting
  9461 | D:10     | Found Miom's Distillery.
  9874 | D:10     | Noticed a two-headed ogre
  9883 | D:10     | Killed a two-headed ogre
  9906 | D:10     | Reached skill level 10 in Armour
 10302 | D:11     | Noticed a tengu warrior
 10321 | D:11     | Killed a tengu warrior
 10322 | D:11     | Noticed a tengu warrior
 10354 | D:11     | Killed a tengu warrior
 10358 | D:11     | Received a gift from Okawaru
 10475 | D:11     | Reached skill level 10 in Dodging
 10548 | D:11     | Reached skill level 13 in Maces & Flails
 10548 | D:11     | Reached XP level 12. HP: 58/110 MP: 9/12
 10649 | D:11     | Noticed a two-headed ogre
 10656 | D:11     | Killed a two-headed ogre
 11391 | D:12     | Received a gift from Okawaru
 11422 | D:12     | Noticed a seven-headed hydra
 11458 | D:12     | Killed a seven-headed hydra
 11712 | D:12     | Noticed a six-headed hydra
 11720 | D:12     | Killed a six-headed hydra
 11746 | D:12     | Got a clouded wooden ring
 11754 | D:12     | Identified the ring "Xinagh" {*Tele rC- Int+3 SInv Stlth+}
                  | (You found it on level 12 of the Dungeon)
 11893 | D:12     | Reached skill level 14 in Maces & Flails
 12074 | D:13     | Noticed Sonja
 12212 | D:13     | Reached skill level 1 in Invocations
 12251 | D:13     | Noticed a two-headed ogre
 12268 | D:13     | Killed a two-headed ogre
 12344 | D:13     | Noticed Azrael
 12345 | D:13     | Noticed a centaur warrior
 12366 | D:13     | Killed a centaur warrior
 12397 | D:13     | Killed Azrael
 12543 | D:13     | Noticed a five-headed hydra
 12609 | D:13     | Reached XP level 13. HP: 80/119 MP: 11/13
 12627 | D:13     | Reached ****** piety under Okawaru
 12634 | D:13     | Received a gift from Okawaru
 13168 | D:13     | Reached skill level 15 in Maces & Flails
 13281 | D:13     | Received a gift from Okawaru
 13371 | D:13     | Found a gate to the Vaults.
 13387 | D:13     | Killed Sonja
 14357 | D:14     | Reached skill level 16 in Maces & Flails
 14357 | D:14     | Reached XP level 14. HP: 128/128 MP: 15/15
 14412 | D:14     | Noticed lis82's ghost (journeyman DgFi)
 14415 | D:14     | Found a runed door.
 14424 | D:14     | Noticed Nessos
 14428 | D:14     | Killed Nessos
 14513 | D:14     | Noticed Louise
 14559 | D:14     | Killed Louise
 15009 | D:14     | Killed lis82's ghost
 15038 | D:15     | Entered Level 15 of the Dungeon
 15078 | D:14     | Received a gift from Okawaru
 15272 | D:15     | Reached XP level 15. HP: 125/138 MP: 16/16
 15412 | D:14     | Reached skill level 17 in Maces & Flails
 15707 | D:15     | Identified 2 scrolls of acquirement
 16069 | D:15     | Found a staircase to the Depths.
 16145 | D:15     | Received a gift from Okawaru
 16612 | Lair:1   | Entered Level 1 of the Lair of Beasts
 16919 | Lair:1   | Received a gift from Okawaru
 17099 | Lair:1   | Found an opulent altar of Gozag.
 17519 | Lair:2   | Found a dark tunnel.
 17531 | Volcano  | Entered a volcano
 17961 | Lair:2   | Got a bound zirconium amulet
 18565 | Lair:3   | Found a frozen archway.
 18589 | IceCv    | Entered an ice cave
 18703 | IceCv    | Received a gift from Okawaru
 18703 | IceCv    | Reached skill level 18 in Maces & Flails
 18917 | IceCv    | Noticed a frost giant
 18933 | IceCv    | Killed a frost giant
 19256 | Lair:3   | Identified the amulet "Damnable Contraption" {Spirit
                  | *Corrode +Fly Dex+5 Slay+3} (You acquired it on level 2 of
                  | the Lair of Beasts)
 19873 | Lair:4   | Found a staircase to the Snake Pit.
 19918 | Lair:4   | Got a clouded silver amulet
 20229 | Lair:4   | Found a staircase to the Shoals.
 20793 | Lair:5   | Reached XP level 16. HP: 124/149 MP: 18/18
 21524 | Lair:6   | Entered Level 6 of the Lair of Beasts
 21644 | Lair:6   | Reached skill level 19 in Maces & Flails
 21955 | Lair:6   | Received a gift from Okawaru
 22410 | Lair:6   | Found a staircase to the Slime Pits.
 22410 | Lair:6   | Found a viscous altar of Jiyva.
 23248 | Orc:1    | Entered Level 1 of the Orcish Mines
 23289 | Orc:1    | Found Kist's Book Emporium.
 23367 | Orc:1    | Found Iddemp's Antique Weapon Shop.
 23454 | Orc:1    | Found Hailixi's Assorted Antiques.
 23461 | Orc:1    | Identified the amulet of Eroelemib {Inacc rElec MP+9 Str+7}
                  | (You found it on level 4 of the Lair of Beasts)
 23694 | Orc:2    | Entered Level 2 of the Orcish Mines
 23694 | Orc:2    | Found Pusoe's Antique Armour Boutique.
 23733 | Orc:2    | Found Nakluik's General Store.
 23939 | Orc:2    | Received a gift from Okawaru
 23982 | Orc:2    | Got a warped shield {god gift}
 24212 | Orc:2    | Found a runed gate.
 24213 | Orc:2    | Found a runed gate.
 24213 | Orc:2    | Found an opulent altar of Gozag.
 24214 | Orc:2    | Found a runed gate.
 24215 | Orc:2    | Noticed Knicklaso's ghost (journeyman DrCj)
 24217 | Orc:2    | Found Pets's Assorted Antiques.
 24284 | Orc:2    | Found Qemupp's Antique Weapon Boutique.
 24347 | Orc:2    | Found Dyiplihi's Book Shop.
 24497 | Orc:2    | Found a staircase to the Elven Halls.
 24651 | Orc:2    | Killed Knicklaso's ghost
 24774 | Orc:2    | Bought 3 scrolls of identify for 162 gold pieces
 24774 | Orc:2    | Identified the -4 shield "Uffo Sal" {+Fly rF+ MR- Str+2}
                  | (Okawaru gifted it to you on level 2 of the Orcish Mines)
 24819 | Orc:1    | Bought a manual of Armour for 1656 gold pieces
 24968 | Snake:1  | Entered Level 1 of the Snake Pit
 24974 | Snake:1  | Reached skill level 15 in Fighting
 25048 | Snake:1  | Reached skill level 15 in Armour
 25359 | Snake:1  | Found a runed door.
 25360 | Snake:1  | Found a shimmering altar of Xom.
 25360 | Snake:1  | Noticed CheiIsBae's ghost (journeyman DrTm)
 25442 | Snake:1  | Killed CheiIsBae's ghost
 25688 | Snake:1  | Reached XP level 17. HP: 160/160 MP: 19/19
 27109 | Snake:2  | Noticed Kirke
 27126 | Snake:2  | Killed Kirke
 27126 | Snake:2  | Received a gift from Okawaru
 27129 | Snake:2  | Identified the +0 pair of boots of Emyn {+Blink +Inv Str+8
                  | Stlth-} (Okawaru gifted it to you on level 2 of the Snake
                  | Pit)
 27524 | Snake:3  | Reached skill level 15 in Dodging
 28060 | Snake:3  | Killed from afar by a shock serpent

Vault maps used:
D:1:      nicolae_arrival_washed_ashore
D:2:      first_ration
D:3:      uniq_terence
D:4:      portal_sewer_entry_d
D:5:      serial_shops, shop, nicolae_shop_statue_plus, shop, shop, shop,
          biasface_ghost_orc_armoury, enter_ossuary_3
D:6:      cheibrodos_two_vegetables, minmay_temple_entry_fiery
D:7:      lemuel_crystal_altar, enter_bailey_3, uniq_duvessa
D:8:      gammafunk_temple_overflow_claw, erik_lair_island, uniq_grum
D:9:      erik_orc_2, grunt_ogre_cave
D:10:     nicolae_trove_entry_crossroad, serial_shops, shop, uniq_harold,
          uniq_erolcha
D:13:     lightli_vaults_fourway_checkpoint, special_room,
          minmay_mirror_moons_of_madness, uniq_sonja, uniq_azrael
D:14:     hellmonk_ghost_happy_afterlife, uniq_louise, uniq_nessos
D:15:     grunt_enter_depths_snipers, grunt_decor_resistance,
          serial_column_ruins, column_ruins_grid_1,
          column_ruins_columns_straight, column_ruins_grid_1,
          column_ruins_columns_corner, column_ruins_columns_straight,
          column_ruins_grid_3, eino_house_with_fridge
Temple:   regret_index_temple_mists
Lair:1:   basic_altar, beast_lair_carwin_3, grunt_megastairs_3
Lair:2:   nicolae_volcano_entry_two_sided, serial_bayou_ford_a, roderic_batcave,
          beast_lair_carwin_9, infiniplex_staircase_pool_2
Lair:3:   portal_ice_cave_entry_ice_beasts, serial_bayou_shore_a
Lair:4:   elwin_shoals_entry_rocks, minmay_snake_entry_six_corridors
Lair:5:   serial_bayou_lake_a
Lair:6:   minmay_lair_end_frog_pond, slime_altar_1, serial_bayou_pond_e,
          serial_bayou_shore_b, minmay_lair_oklob_chamber, lemuel_fruit_tree
Snake:1:  ebering_ghost_xom
Snake:2:  uniq_kirke
Orc:1:    serial_shops, nicolae_shop_temple_entry_statues_fountains, shop, shop,
          mines3_lemuel
Orc:2:    grunt_orc_gardens, grunt_orc_garden, grunt_orc_garden,
          grunt_orc_garden, grunt_orc_garden, ebering_ghost_gozag
Sewer:    kennysheep_pipe_town
Ossuary:  ossuary_due_cavern
Bailey:   bailey_axe_bossmonster_kennysheep, bailey
IceCv:    ice_cave_caverns_02
Volcano:  volcano_aerie

Skill      XL: |  1  2  3  4  5  6  7  8  9 10 11 12 13 14 15 16 17 |
---------------+----------------------------------------------------+-----
Axes           | 4 5 6 |  6.9
Armour         | 1 2 3 4 6 7 9 10 11 12 13 15 17 | 17.5
Fighting       | 3 4 5 6 8 9 10 11 12 13 15 16 | 16.3
Dodging        | 4 5 6 7 9 10 11 13 14 15 | 15.3
Maces & Flails | 3 6 9 11 13 14 16 18 19 | 19.6
Evocations     | 3 4 |  4.0
Invocations    | 2 6 7 |  7.0
Throwing       | |  2.0

Action                   |  1- 3 |  4- 6 |  7- 9 | 10-12 | 13-15 | 16-18 || total
-------------------------+-------+-------+-------+-------+-------+-------++-------
Melee: War axe           |    66 |   125 |       |       |       |       ||   191
       Headbutt          |     7 |    21 |    68 |   173 |   294 |   181 ||   744
       Whip              |       |     8 |   357 |   704 |   773 |       ||  1842
       Morningstar       |       |       |       |    14 |       |       ||    14
       Punch             |       |       |       |     1 |    10 |       ||    11
       Dire flail        |       |       |       |       |    16 |       ||    16
       Eveningstar       |       |       |       |       |     6 |       ||     6
       Great mace        |       |       |       |       |   297 |   780 ||  1077
Throw: Throwing net      |       |     3 |     2 |       |       |       ||     5
       Tomahawk          |       |       |    26 |     9 |       |       ||    35
Invok: Heroism           |       |       |     2 |    15 |    14 |    13 ||    44
       Finesse           |       |       |       |       |     2 |     3 ||     5
Evoke: Wand              |       |       |    12 |    22 |    30 |     3 ||    67
  Use: Scroll            |       |     1 |     9 |     5 |    20 |    12 ||    47
       Potion            |       |     1 |     2 |     1 |     4 |     6 ||    14
 Stab: Sleeping          |     1 |       |       |       |       |       ||     1
       Held in net/web   |       |       |     1 |       |       |       ||     1
  Eat: Chunk             |       |     6 |     7 |    14 |    23 |    15 ||    65
       Ration            |       |       |     2 |     2 |     1 |     3 ||     8
Armor: Leather armour    |    16 |     8 |       |       |       |       ||    24
       Scale mail        |       |    27 |    68 |   214 |   283 |   231 ||   823
       Chain mail        |       |    42 |    67 |       |       |       ||   109
Dodge: Dodged            |    47 |    98 |   215 |   404 |   623 |   574 ||  1961

Table legend:
 A = Non-vault XP
 B = Vault XP
 C = Vault XP percentage of total XP
 D = Non-vault monster count
 E = Vault monster count
 F = Vault count percentage of total count
                 A         B        C        D         E       F
            +---------+---------+-------+---------+---------+-------
      Total |  132760 |   86979 |  39.6 |     659 |     372 |  36.1
            +---------+---------+-------+---------+---------+-------
        D:1 |      49 |       0 |   0.0 |      24 |       0 |   0.0
        D:2 |      66 |       0 |   0.0 |      25 |       0 |   0.0
        D:3 |      73 |      38 |  34.2 |      16 |       1 |   5.9
        D:4 |     455 |      13 |   2.8 |      21 |       1 |   4.5
        D:5 |     461 |     273 |  37.2 |      19 |      10 |  34.5
        D:6 |    1071 |     479 |  30.9 |      22 |       9 |  29.0
        D:7 |     822 |     313 |  27.6 |      16 |       8 |  33.3
        D:8 |    2384 |     839 |  26.0 |      20 |       5 |  20.0
        D:9 |    1759 |     990 |  36.0 |      32 |      20 |  38.5
       D:10 |    2458 |    2036 |  45.3 |      15 |       2 |  11.8
       D:11 |    5767 |       0 |   0.0 |      24 |       0 |   0.0
       D:12 |    6313 |       0 |   0.0 |      32 |       0 |   0.0
       D:13 |    9724 |   13621 |  58.3 |      48 |      42 |  46.7
       D:14 |   11101 |    4330 |  28.1 |      47 |       3 |   6.0
       D:15 |    5340 |    3174 |  37.3 |      16 |      15 |  48.4
     Lair:1 |    6201 |    1154 |  15.7 |      32 |       5 |  13.5
     Lair:2 |    2110 |     658 |  23.8 |       9 |      12 |  57.1
     Lair:3 |    2615 |    1060 |  28.8 |      13 |       8 |  38.1
     Lair:4 |    2917 |    1917 |  39.7 |      13 |      11 |  45.8
     Lair:5 |    7591 |       0 |   0.0 |      23 |       0 |   0.0
     Lair:6 |    8905 |   13966 |  61.1 |      35 |      51 |  59.3
    Snake:1 |   15027 |    2619 |  14.8 |      32 |       2 |   5.9
    Snake:2 |   15378 |    2449 |  13.7 |      30 |       3 |   9.1
    Snake:3 |   19107 |       0 |   0.0 |      31 |       0 |   0.0
      Orc:1 |    2757 |    1054 |  27.7 |      38 |       5 |  11.6
      Orc:2 |    2309 |   13013 |  84.9 |      26 |      29 |  52.7
      Sewer |       0 |     535 | 100.0 |       0 |      24 | 100.0
    Ossuary |       0 |     734 | 100.0 |       0 |      13 | 100.0
     Bailey |       0 |    3002 | 100.0 |       0 |      27 | 100.0
      IceCv |       0 |   13511 | 100.0 |       0 |      50 | 100.0
    Volcano |       0 |    5201 | 100.0 |       0 |      16 | 100.0
            +---------+---------+-------+---------+---------+-------
